[Event "Early-Titled-Tuesday-Blitz-April-02-2024"]
[Site "Chess.com"]
[Date "2024.04.02"]
[Round "9"]
[White "superchess02"]
[Black "FairChess_on_YouTube"]
[Result "1/2-1/2"]
[WhiteElo "2864"]
[BlackElo "3064"]
[TimeControl "180+1"]
[EndTime "9:48:47 PDT"]
[Termination "Game drawn by 50-move rule"]

1. d4 Nf6 2. c4 e6 3. Nc3 Bb4 4. e3 O-O 5. Bd3 c5 6. Ne2 cxd4 7. exd4 d5 8. cxd5 exd5 9. O-O Be6 10. Ng3 Nbd7 11. h3 Rc8 12. Nce2 Bd6 13. Nf4 Qb6 14. Re1 Rfe8 15. Ngh5 g6 16. Nxf6+ Nxf6 17. Qf3 Qxd4 18. Be3 Qe5 19. g3 Ne4 20. Nxe6 Qxe6 21. Bxa7 Ng5 22. Qe3 Nxh3+ 23. Kg2 Qg4 24. Qxe8+ Rxe8 25. Rxe8+ Kg7 26. Be3 Nf4+ 27. Bxf4 Bxf4 28. Re7 h5 29. Rh1 Bg5 30. Rxb7 h4 31. Rh3 Qd4 32. Bf1 hxg3 33. Rxg3 Bh4 34. Rbb3 Bxg3 35. fxg3 Qd2+ 36. Kg1 Qd1 37. Rd3 Qa4 38. a3 d4 39. b4 f5 40. Kf2 Kf6 41. Ke1 Ke5 42. Kd2 g5 43. Bg2 g4 44. Bf1 Qc6 45.
Be2 Qd5 46. Kc1 Qa2 47. Kd1 Qa1+ 48. Kd2 Qb2+ 49. Ke1 f4 50. gxf4+ Kxf4 51. Kf2 Qa2 52. Rg3 Ke5 53. Rd3 Qf7+ 54. Ke1 Qf4 55. a4 g3 56. Rf3 Qc1+ 57. Bd1 g2 58. Rg3 Qb2 59. Be2 Kf4 60. Rxg2 d3 61. Rf2+ Ke5 62. Bxd3 Qxb4+ 63. Rd2 Kf4 64.
Ke2 Qe7+ 65. Kd1 Qa3 66. Bb5 Ke4 67. Rd3 Qb2 68. Ke1 Qc2 69. Kf1 Kf4 70. Ke1 Ke5 71. Kf1 Ke4 72. Ke1 Qc1+ 73. Ke2 Qb2+ 74. Kd1 Ke5 75.
Rd2 Qb1+ 76. Ke2 Qe4+ 77. Kd1 Qb1+ 78. Ke2 Qe4+ 79. Kf1 Qb4 80. Re2+ Kf4 81. Rf2+ Kg3 82. Rg2+ Kh3 83. Re2 Qd4 84. Ke1 Kg3 85. Rd2 Qc3 86. Kd1 Kf4 87. Rd3 Qb2 88. Ke1 Ke4 89. Kd1 Qa2 90. Kc1 Ke5 91. Rc3 Kd4 92. Rd3+ Kc5 93.
Kd1 Kb4 94. Ke1 Qg2 95. Kd1 Qf2 96. Kc1 Qe1+ 97. Kc2 Qa1 98. Kd2 Qb2+ 99. Ke3 Qc2 100. Rd4+ Ka5 101. Rc4 Qd1 102. Ke4 Kb6 103. Rc6+ Ka5 104. Ke5 Qd2 105. Ke6 Kb4 106. Rd6 Qe3+ 107. Kd7 Qf4 108. Kc6 Qe4+ 109. Kb6 Qe3+ 110. Kb7 Qc5 111. Rc6 Qe7+ 112. Rc7 Qd6 1/2-1/2

[Event "Early-Titled-Tuesday-Blitz-April-02-2024"]
[Site "Chess.com"]
[Date "2024.04.02"]
[Round "10"]
[White "TrompeterImEther"]
[Black "Kildepiotr"]
[Result "1-0"]
[WhiteElo "2578"]
[BlackElo "2723"]
[TimeControl "180+1"]
[EndTime "9:50:54 PDT"]
[Termination "TrompeterImEther won by resignation"]

1. e4 g6 2. d4 Bg7 3. Nc3 c6 4. Be3 d5 5. e5 Nh6 6. Qd2 Nf5 7. Bf4 c5 8. dxc5 d4 9. Ne4 Qd5 10. Bd3 Bxe5 11. c4 dxc3 12. Bb5+ Nc6 13. Qxd5 cxb2 14. Bxe5 Be6 15. Bxc6+ Kf8 16. Qd2 1-0

[Event "Early-Titled-Tuesday-Blitz-April-02-2024"]
[Site "Chess.com"]
[Date "2024.04.02"]
[Round "10"]
[White "RobertoJBM"]
[Black "SahibSinghKnight"]
[Result "0-1"]
[WhiteElo "2789"]
[BlackElo "2631"]
[TimeControl "180+1"]
[EndTime "9:50:55 PDT"]
[Termination "SahibSinghKnight won by checkmate"]

1. e4 e6 2. d4 d5 3. Nc3 Nf6 4. e5 Nfd7 5. f4 c5 6. Nf3 Nc6 7. Be3 Be7 8. Qd2 O-O 9. Ne2 f6 10. c3 fxe5 11. fxe5 Bh4+ 12. Nxh4 Qxh4+ 13. g3 Qe4 14. Rg1 cxd4 15. cxd4 Nb4 16. Nc3 Nc2+ 17. Ke2 Qf3+ 18.
Kd3 Nb4# 0-1

[Event "Early-Titled-Tuesday-Blitz-April-02-2024"]
[Site "Chess.com"]
[Date "2024.04.02"]
[Round "10"]
[White "Korchmar_Vasiliy"]
[Black "dropstoneDP"]
[Result "0-1"]
[WhiteElo "2731"]
[BlackElo "2986"]
[TimeControl "180+1"]
[EndTime "9:51:50 PDT"]
[Termination "dropstoneDP won by resignation"]

1. e4 e5 2. Nf3 Nf6 3. Nxe5 d6 4. Nf3 Nxe4 5. Nc3 Nxc3 6. dxc3 Be7 7. Bf4 O-O 8. Qd2 Nd7 9. O-O-O Re8 10. h4 h6 11. Kb1 Nc5 12. Nd4 Ne4 13. Qe1 Bxh4 14. Be2 Bxf2 15. Qf1 Qf6 16. Bc1 Ng3 0-1

[Event "Early-Titled-Tuesday-Blitz-April-02-2024"]
[Site "Chess.com"]
[Date "2024.04.02"]
[Round "10"]
[White "Rawnsdale"]
[Black "gpsji27"]
[Result "1-0"]
[WhiteElo "2524"]
[BlackElo "2321"]
[TimeControl "180+1"]
[EndTime "9:51:55 PDT"]
[Termination "Rawnsdale won by resignation"]

1. e4 e5 2. Nf3 Nc6 3. Bb5 a6 4. Ba4 Nf6 5. O-O Be7 6. Re1 b5 7. Bb3 d6 8. h3 O-O 9. c3 Na5 10. Bc2 c5 11. d4 cxd4 12. cxd4 Qc7 13. Nc3 Nc6 14. Bg5 b4 15. Bxf6 bxc3 16. Bxe7 cxb2 17.
Bxf8 bxa1=Q 18. Qxa1 Kxf8 19. Bb3 Rb8 20. Rc1 Qb7 21.
Bd5 Bd7 22. dxe5 dxe5 23. Nxe5 Be8 24. Nxc6 1-0

[Event "Early-Titled-Tuesday-Blitz-April-02-2024"]
[Site "Chess.com"]
[Date "2024.04.02"]
[Round "10"]
[White "Fy_Rakotomaharo"]
[Black "stollenmonster"]
[Result "1-0"]
[WhiteElo "2718"]
[BlackElo "2883"]
[TimeControl "180+1"]
[EndTime "9:52:06 PDT"]
[Termination "Fy_Rakotomaharo won by resignation"]

1. e4 c5 2. Nf3 Nf6 3. e5 Nd5 4. Nc3 e6 5. Ne4 Nc6 6. c4 f5 7.
Nc3 Nde7 8. d4 cxd4 9. Nxd4 Nxe5 10. Be2 N7c6 11. O-O Bc5 12. Be3 Qe7 13. Nxf5 exf5 14. Nd5 Qd6 15. Bxc5 Qxc5 16. Nc7+ Kd8 17. Ne6+ 1-0

[Event "Early-Titled-Tuesday-Blitz-April-02-2024"]
[Site "Chess.com"]
[Date "2024.04.02"]
[Round "10"]
[White "eagleclaw07"]
[Black "IMchanged"]
[Result "1-0"]
[WhiteElo "2852"]
[BlackElo "2674"]
[TimeControl "180+1"]
[EndTime "9:52:19 PDT"]
[Termination "eagleclaw07 won by resignation"]

1. d4 Nf6 2. c4 c5 3. d5 b5 4. cxb5 a6 5. bxa6 e6 6. Nc3 exd5 7. Nxd5 Be7 8. Nxe7 Qxe7 9. e3 Rxa6 10. Bxa6 Bxa6 11.
Ne2 d5 12. O-O O-O 13. Re1 Nc6 14. b3 Ne5 15. Nf4 Rd8 16. Bb2 Ne4 17. Qh5 f6 18. Rad1 Bb7 19. h4 Qd7 20. Bxe5 fxe5 21. Qxe5 Re8 22. Qh5 g6 23. Qe2 Nc3 24. Qf3 d4 25. Qg3 Nxd1 26. Rxd1 Qd5 27. Nxd5 1-0

[Event "Early-Titled-Tuesday-Blitz-April-02-2024"]
[Site "Chess.com"]
[Date "2024.04.02"]
[Round "10"]
[White "eljanov"]
[Black "Baku_Boulevard"]
[Result "1/2-1/2"]
[WhiteElo "2901"]
[BlackElo "3031"]
[TimeControl "180+1"]
[EndTime "9:52:28 PDT"]
[Termination "Game drawn by repetition"]

1. Nf3 c5 2. g3 g6 3. Bg2 Bg7 4. O-O Nc6 5. c4 e6 6. Nc3 Nge7 7. d4 cxd4 8. Nb5 d5 9. cxd5 exd5 10. Nfxd4 O-O 11.
Be3 Nf5 12. Nxf5 Bxf5 13. Nd4 Bxd4 14. Bxd4 Re8 15. e3 Be4 16. Rc1 Bxg2 17. Kxg2 Qd7 18. Qd3 h5 19. h4 Nxd4 20. Qxd4 Re4 21. Qd3 Rxh4 22. gxh4 Qg4+ 23. Kh2 Qxh4+ 24. Kg2 Qg4+ 25. Kh2 Qh4+ 26. Kg2 Qg4+ 27. Kh2 Qh4+ 1/2-1/2

[Event "Early-Titled-Tuesday-Blitz-April-02-2024"]
[Site "Chess.com"]
[Date "2024.04.02"]
[Round "10"]
[White "MatthewG-p4p"]
[Black "Sanyura"]
[Result "1-0"]
[WhiteElo "2861"]
[BlackElo "2620"]
[TimeControl "180+1"]
[EndTime "9:52:40 PDT"]
[Termination "MatthewG-p4p won by resignation"]

1. e4 c5 2. c3 g6 3. d4 cxd4 4. cxd4 d5 5. Nc3 dxe4 6. Bc4 e6 7. Qb3 Nf6 8. d5 e5 9. d6 Bxd6 10. Bxf7+ Ke7 11. Bg5 Qa5 12. O-O-O Rd8 13. Nxe4 1-0

[Event "Early-Titled-Tuesday-Blitz-April-02-2024"]
[Site "Chess.com"]
[Date "2024.04.02"]
[Round "10"]
[White "Shiner22"]
[Black "GMAneta"]
[Result "0-1"]
[WhiteElo "2311"]
[BlackElo "2495"]
[TimeControl "180+1"]
[EndTime "9:53:01 PDT"]
[Termination "GMAneta won by resignation"]

1. e4 c5 2. d4 cxd4 3. c3 d3 4. c4 Nc6 5. Bxd3 g6 6. Nf3 Bg7 7. O-O d6 8. h3 Bd7 9. Nc3 Bxc3 10. bxc3 Qa5 11. Qc2 Nf6 12. Nd4 O-O 13. f4 Rfc8 14.
Nb3 Qb6+ 15. Kh2 a5 16. a4 Be6 17. Rb1 Qc7 18. f5 Bd7 19. fxg6 hxg6 20. e5 Nxe5 21. Be2 Bxa4 22. Bg5 d5 23. Qc1 Nf3+ 0-1

[Event "Early-Titled-Tuesday-Blitz-April-02-2024"]
[Site "Chess.com"]
[Date "2024.04.02"]
[Round "10"]
[White "Midgardsormur"]
[Black "Gabcur"]
[Result "1-0"]
[WhiteElo "2461"]
[BlackElo "2344"]
[TimeControl "180+1"]
[EndTime "9:53:03 PDT"]
[Termination "Midgardsormur won by resignation"]

1. e4 e6 2. d4 d5 3. e5 c5 4. c3 Nc6 5. Nf3 Bd7 6. Bd3 Rc8 7. O-O cxd4 8. Re1 Nge7 9. h4 dxc3 10. Nxc3 a6 11. h5 h6 12. Bf4 Na7 13. Nd4 Nec6 14. Nxc6 Nxc6 15. Qg4 Qb6 16. Nxd5 exd5 17. e6 Bxe6 18.
Rxe6+ fxe6 19. Qxe6+ Be7 20. Bg6+ Kd8 21. Qxd5+ 1-0

[Event "Early-Titled-Tuesday-Blitz-April-02-2024"]
[Site "Chess.com"]
[Date "2024.04.02"]
[Round "10"]
[White "RantomOpening"]
[Black "wqws"]
[Result "0-1"]
[WhiteElo "2557"]
[BlackElo "2718"]
[TimeControl "180+1"]
[EndTime "9:53:08 PDT"]
[Termination "wqws won by checkmate"]

1. c4 Nf6 2. Nf3 g6 3. Nc3 Bg7 4. e4 O-O 5. d4 d6 6. Be2 e5 7.
Be3 Nbd7 8. O-O exd4 9. Nxd4 Re8 10. f3 Nc5 11. Qd2 h5 12. Rad1 Bd7 13. Ndb5 a6 14.
Na3 Bc6 15. Nc2 Ne6 16. Nd5 Bd7 17. b3 Nxd5 18. cxd5 Nc5 19. Bd4 a5 20. Bxg7 Kxg7 21. Ne1 Qf6 22. Nd3 Qd4+ 23. Kh1 Nxd3 24. Qxd3 Qxd3 25. Bxd3 a4 26. b4 Kf6 27. f4 Rec8 28. e5+ dxe5 29. fxe5+ Kxe5 30. Rxf7 Bf5 31. Bxf5 gxf5 32.
Re1+ Kxd5 33. Rxf5+ Kc4 34. a3 Rd8 35. Rxh5 Rd3 36.
Rc5+ Kb3 37. Rxc7 Kxa3 38. Rxb7 Kb3 39. Rb1+ Kc2 40. Ra1 a3 41. Rc7+ Kb2 42. Re1 a2 43. Re2+ Kb3 44. Rxa2 Rd1# 0-1

[Event "Early-Titled-Tuesday-Blitz-April-02-2024"]
[Site "Chess.com"]
[Date "2024.04.02"]
[Round "10"]
[White "zeitnotakrobat"]
[Black "elcala"]
[Result "1-0"]
[WhiteElo "2182"]
[BlackElo "1810"]
[TimeControl "180+1"]
[EndTime "9:53:33 PDT"]
[Termination "zeitnotakrobat won on time"]

1. c4 c5 2. Nf3 Nc6 3. g3 d6 4. Bg2 Bd7 5. O-O Nf6 6. Nc3 g6 7. d4 Bg7 8. d5 Nb8 9. Bg5 O-O 10. Qd2 Be8 11. Bh6 Nbd7 12. Bxg7 Kxg7 13. e4 a6 14. a4 e5 15. dxe6 fxe6 16. Qxd6 Nb8 17. Rad1 Qxd6 18. Rxd6 Bf7 19. Ne5 Nc6 20. Nxc6 bxc6 21.
h3 Rac8 22. e5 Ra8 23. exf6+ 1-0

[Event "Early-Titled-Tuesday-Blitz-April-02-2024"]
[Site "Chess.com"]
[Date "2024.04.02"]
[Round "10"]
[White "Lukianoo"]
[Black "jcibarra"]
[Result "0-1"]
[WhiteElo "2831"]
[BlackElo "2982"]
[TimeControl "180+1"]
[EndTime "9:53:36 PDT"]
[Termination "jcibarra won by resignation"]

1. e4 c5 2. Nf3 e6 3. c3 Nf6 4. e5 Nd5 5. d4 cxd4 6. cxd4 d6 7. Bc4 Be7 8. O-O O-O 9. Qe2 b6 10. Rd1 Bb7 11. Bxd5 Bxd5 12. Nc3 Bxf3 13. Qxf3 d5 14. Be3 Nc6 15. Qe2 Rc8 16. Rac1 Na5 17. Qa6 Nc4 18. Nb5 Nxb2 19. Rf1 Nc4 20. Nxa7 Ra8 21. Qb7 Rb8 22.
Qc6 Ra8 23. Qb7 Qb8 24. Qxe7 Rxa7 25. Rc2 Rxe7 0-1

[Event "Early-Titled-Tuesday-Blitz-April-02-2024"]
[Site "Chess.com"]
[Date "2024.04.02"]
[Round "10"]
[White "Casper"]
[Black "LuisFSiles"]
[Result "1-0"]
[WhiteElo "2491"]
[BlackElo "2348"]
[TimeControl "180+1"]
[EndTime "9:53:38 PDT"]
[Termination "Casper won by checkmate"]

1. e4 c5 2. d4 cxd4 3. Qxd4 Nc6 4. Qe3 g6 5. Nc3 Bg7 6. Bd2 d6 7. O-O-O Nf6 8. h4 h5 9. f3 O-O 10. Bc4 Na5 11. Bb3 Nxb3+ 12. axb3 Be6 13. Nge2 Rc8 14. Nf4 Bd7 15. g4 e5 16. Nfd5 Nxd5 17. Nxd5 hxg4 18. h5 f5 19. hxg6 f4 20. Qg1 g3 21. Rh7 Be6 22. Qh1 Rc7 23. Nxc7 Qxc7 24. Ba5 b6 25. Rxd6 Bxb3 26.
Rc6 Qxc6 27. Rh8+ Bxh8 28. Qh7# 1-0

[Event "Early-Titled-Tuesday-Blitz-April-02-2024"]
[Site "Chess.com"]
[Date "2024.04.02"]
[Round "10"]
[White "Egor_Koshulyan"]
[Black "temus_galaktionov"]
[Result "1-0"]
[WhiteElo "2764"]
[BlackElo "2846"]
[TimeControl "180+1"]
[EndTime "9:53:39 PDT"]
[Termination "Egor_Koshulyan won by checkmate"]

1. f4 d6 2. Nf3 g6 3. e4 Bg7 4.
d4 Nd7 5. Bc4 c6 6. O-O b5 7.
Bb3 a5 8. a3 Ba6 9. Bxf7+ Kxf7 10. Ng5+ Ke8 11. Ne6 Qb6 12. Nxg7+ Kf7 13. Ne6 Kxe6 14.
f5+ gxf5 15. Be3 Ndf6 16. d5+ cxd5 17. exf5+ Kd7 18. Bxb6 b4 19. Re1 Nh6 20. Qf3 Rhg8 21. Nd2 Rab8 22. Bd4 Bb7 23. Qe3 Nxf5 24. Qe6+ Kc6 25.
Qxf5 Rbf8 26. Rxe7 Bc8 27. Qd3 Nh5 28. Qxh7 Nf4 29.
Rc7+ Kb5 30. a4+ Ka6 31. Ra7# 1-0

[Event "Early-Titled-Tuesday-Blitz-April-02-2024"]
[Site "Chess.com"]
[Date "2024.04.02"]
[Round "10"]
[White "Beca95"]
[Black "Shield12"]
[Result "0-1"]
[WhiteElo "2950"]
[BlackElo "3038"]
[TimeControl "180+1"]
[EndTime "9:53:44 PDT"]
[Termination "Shield12 won by resignation"]

1. d4 Nf6 2. c4 e6 3. Nc3 Bb4 4.
e3 O-O 5. Bd3 d5 6. a3 dxc4 7.
Bxc4 Bxc3+ 8. bxc3 c5 9. Bd3 Qc7 10. Bb2 Nc6 11. Nf3 e5 12. Nxe5 Nxe5 13. dxe5 Qxe5 14.
Qe2 Bf5 15. c4 Qe6 16. Bxf5 Qxf5 17. O-O Rad8 18. Rfd1 Qe6 19. f3 b6 20. e4 Qe7 21. e5 Nh5 22. Qe4 Qg5 23. Rd6 Nf4 24.
g3 Rxd6 25. exd6 Ne6 26. Rd1 Rd8 27. f4 Qg4 28. Rd3 h5 29. Kg2 Nxf4+ 30. Qxf4 Qe2+ 31. Kh3 Qxd3 32. Qg5 f6 0-1

[Event "Early-Titled-Tuesday-Blitz-April-02-2024"]
[Site "Chess.com"]
[Date "2024.04.02"]
[Round "10"]
[White "Nf3c5"]
[Black "ragnaroek66"]
[Result "1-0"]
[WhiteElo "2613"]
[BlackElo "2511"]
[TimeControl "180+1"]
[EndTime "9:53:50 PDT"]
[Termination "Nf3c5 won on time"]

1. e4 c5 2. Nf3 Nc6 3. Nc3 Nf6 4. Bb5 Qc7 5. O-O Nd4 6. Re1 Ng4 7. h3 Nxf3+ 8.
Qxf3 Qh2+ 9. Kf1 Ne5 10. Qh5 g6 11. Qg5 1-0

[Event "Early-Titled-Tuesday-Blitz-April-02-2024"]
[Site "Chess.com"]
[Date "2024.04.02"]
[Round "10"]
[White "Chernov_Alexander_A"]
[Black "ChempionBg"]
[Result "1-0"]
[WhiteElo "2241"]
[BlackElo "2297"]
[TimeControl "180+1"]
[EndTime "9:53:54 PDT"]
[Termination "Chernov_Alexander_A won by resignation"]

1. d4 Nf6 2. Nc3 d5 3. Bg5 c6 4.
e3 Bf5 5. Bxf6 exf6 6. Bd3 Bxd3 7.
Qxd3 Be7 8. O-O-O O-O 9. e4 dxe4 10. Nxe4 Nd7 11. Nf3 Nb6 12. Kb1 Nd5 13. g3 a5 14.
h4 a4 15. c4 Nb4 16. Qd2 Qd7 17.
h5 Qf5 18. Qf4 Qxf4 19. gxf4 h6 20. d5 cxd5 21. cxd5 f5 22. Ng3 Bd6 23. Nxf5 Bxf4 24. Rd4 g6 25. Ne7+ Kg7 26. Rxf4 Nd3 27. Rd4 Nxf2 28.
Rh2 Kf6 29. d6 b5 30. Rxf2 Ke6 31. Re2+ Kd7 32. Ne5+ Ke6 33. N5xg6+ 1-0

[Event "Early-Titled-Tuesday-Blitz-April-02-2024"]
[Site "Chess.com"]
[Date "2024.04.02"]
[Round "10"]
[White "rionelG"]
[Black "BashirliSaadat"]
[Result "1-0"]
[WhiteElo "2223"]
[BlackElo "2343"]
[TimeControl "180+1"]
[EndTime "9:53:59 PDT"]
[Termination "rionelG won by resignation"]

1. e4 c5 2. Nf3 Nc6 3. d4 cxd4 4.
Nxd4 g6 5. Nc3 Bg7 6. Nb3 Nf6 7. Be3 O-O 8. Be2 d6 9. f4 Be6 10. g4 a5 11. g5 Nd7 12. Nd4 Nc5 13. Nxe6 Nxe6 14.
Qd2 Nc5 15. Bf3 Ne6 16. O-O-O Rb8 17. h4 b5 18. h5 b4 19. Nd5 Nc5 20. hxg6 fxg6 21.
Bg4 e6 22. Bxc5 dxc5 23. Bxe6+ Kh8 24. Rxh7+ Kxh7 25. Qh2+ 1-0

[Event "Early-Titled-Tuesday-Blitz-April-02-2024"]
[Site "Chess.com"]
[Date "2024.04.02"]
[Round "10"]
[White "MKlose11"]
[Black "Kirill_Klukin"]
[Result "0-1"]
[WhiteElo "2629"]
[BlackElo "2815"]
[TimeControl "180+1"]
[EndTime "9:54:02 PDT"]
[Termination "Kirill_Klukin won by checkmate"]

1. e4 c5 2. Nc3 g6 3. g3 Bg7 4. Bg2 Nc6 5. d3 e6 6. Be3 d6 7.
Qd2 h5 8. h3 Nge7 9. Nge2 Nd4 10. O-O O-O 11. f4 Rb8 12. Nd1 b6 13. c3 Nxe2+ 14. Qxe2 d5 15. e5 d4 16. Bf2 dxc3 17. bxc3 Bb7 18. c4 Bxg2 19. Kxg2 Rb7 20. Nc3 Rd7 21. Rad1 Qa8+ 22. Qf3 Nf5 23. Qxa8 Rxa8 24. Kf3 Rad8 25. Ke2 f6 26. exf6 Bxf6 27. Ne4 Bd4 28. g4 Ng7 29. Rg1 Kf7 30. Bh4 Rh8 31. Bf2 Ne8 32.
Rg3 Nf6 33. Ng5+ Ke7 34. Be3 hxg4 35. Bxd4 Rxd4 36. hxg4 Rxf4 37. Re3 Rh2+ 38. Ke1 Nxg4 39. Rxe6+ Kd7 40. Re4 Rh1+ 41. Ke2 Rf2# 0-1

[Event "Early-Titled-Tuesday-Blitz-April-02-2024"]
[Site "Chess.com"]
[Date "2024.04.02"]
[Round "10"]
[White "Manukyan_Artak"]
[Black "sokidze"]
[Result "0-1"]
[WhiteElo "2574"]
[BlackElo "2795"]
[TimeControl "180+1"]
[EndTime "9:54:05 PDT"]
[Termination "sokidze won by resignation"]

1. e4 e5 2. Nf3 Nf6 3. Nxe5 d6 4. Nf3 Nxe4 5. Nc3 Nxc3 6. dxc3 Be7 7. Bd3 O-O 8. Be3 Nd7 9. Qd2 Nf6 10. O-O-O Re8 11. Kb1 d5 12. h3 c5 13. Rhe1 c4 14. Bf1 Ne4 15. Qc1 Qa5 16. Nd2 Nxc3+ 17. bxc3 Ba3 18. Nxc4 dxc4 19. Rd5 Qxd5 20. Qxa3 Bf5 21. Rc1 b6 22. Qb4 Rac8 23. a4 a5 24. Qb5 Qxb5+ 25. axb5 Re5 26. Ka2 Rxb5 27. Rb1 Rxb1 28. Kxb1 h6 29. Ka2 b5 30. Bb6 Bxc2 0-1

[Event "Early-Titled-Tuesday-Blitz-April-02-2024"]
[Site "Chess.com"]
[Date "2024.04.02"]
[Round "10"]
[White "Kostya0705"]
[Black "jk13"]
[Result "1-0"]
[WhiteElo "2570"]
[BlackElo "2689"]
[TimeControl "180+1"]
[EndTime "9:54:15 PDT"]
[Termination "Kostya0705 won by resignation"]

1. e4 e5 2. Nf3 Nc6 3. Bc4 Bc5 4. c3 Nf6 5. d4 exd4 6. b4 Bb6 7. e5 d5 8. exf6 dxc4 9. Qe2+ Be6 10. b5 Na5 11. fxg7 Rg8 12. Nxd4 Bxd4 13. cxd4 Rxg7 14.
O-O Qd5 15. g3 O-O-O 16. Nc3 Qxd4 17. Rd1 Qg4 18. Rxd8+ Kxd8 19. Qe5 Qf3 20. Qxg7 Bh3 21.
Bg5+ Kd7 22. Qd4+ Ke6 23. Re1+ Kf5 24. Qf6+ Kg4 25. Qxf3+ Kxf3 26. Re4 1-0

[Event "Early-Titled-Tuesday-Blitz-April-02-2024"]
[Site "Chess.com"]
[Date "2024.04.02"]
[Round "10"]
[White "Yaacovn"]
[Black "djokovic74"]
[Result "0-1"]
[WhiteElo "2847"]
[BlackElo "2782"]
[TimeControl "180+1"]
[EndTime "9:54:17 PDT"]
[Termination "djokovic74 won by resignation"]

1. d4 e6 2. Nf3 Nf6 3. c4 Bb4+ 4. Bd2 Qe7 5. g3 Nc6 6. a3 Bxd2+ 7. Qxd2 d5 8. cxd5 exd5 9. Bg2 O-O 10. O-O Ne4 11. Qe3 Re8 12. Nc3 Nf6 13. Qxe7 Rxe7 14. Rac1 h6 15. e3 Bf5 16. Nd2 Rd8 17. Nb3 Bd3 18.
Rfd1 Bc4 19. Nc5 b6 20. b3 bxc5 21. bxc4 cxd4 22. exd4 Na5 23. Nxd5 Nxd5 24. cxd5 Rb8 25. Rc5 Nb3 26. Rb1 Rb6 27. Rc4 Nd2 28. Rxb6 Re1+ 29.
Bf1 axb6 30. Kg2 Nxc4 31. Bxc4 Ra1 32. Kf3 Rxa3+ 33. Ke4 Kf8 34. d6 cxd6 35. Kd5 Ke7 36. Kc6 Rc3 37. Kb5 Rc2 38. f4 Rxh2 0-1

[Event "Early-Titled-Tuesday-Blitz-April-02-2024"]
[Site "Chess.com"]
[Date "2024.04.02"]
[Round "10"]
[White "zajka-molotok"]
[Black "Lucky_Puncher"]
[Result "1/2-1/2"]
[WhiteElo "2561"]
[BlackElo "2492"]
[TimeControl "180+1"]
[EndTime "9:54:18 PDT"]
[Termination "Game drawn by repetition"]

1. b3 Nf6 2. Bb2 e6 3. e3 Be7 4. Nf3 O-O 5. d4 b6 6. Be2 Bb7 7. O-O d5 8. c4 Nbd7 9. Nc3 c5 10. Rc1 cxd4 11. Nxd4 Rc8 12. Bf3 Ne5 13. cxd5 Nxf3+ 14. Qxf3 Nxd5 15. Nxd5 Bxd5 16. Qg3 Bf6 17. Rxc8 Qxc8 18.
Nf5 Qd8 19. Bxf6 Qxf6 20. Nd4 Rc8 21. Qd6 Qg6 22. Qg3 Qxg3 23. hxg3 f6 24. f3 e5 25. Nf5 Rc7 26. Rd1 Be6 27. Rd8+ Kf7 28. g4 g6 29. Ng3 Rc2 30. Rb8 Bd5 31. Rd8 Be6 32. Rb8 Bd5 33. Rd8 Be6 1/2-1/2

[Event "Early-Titled-Tuesday-Blitz-April-02-2024"]
[Site "Chess.com"]
[Date "2024.04.02"]
[Round "10"]
[White "romulocardoso"]
[Black "Suduvasachmatai"]
[Result "1-0"]
[WhiteElo "2452"]
[BlackElo "2270"]
[TimeControl "180+1"]
[EndTime "9:54:20 PDT"]
[Termination "romulocardoso won by checkmate"]

1. e4 c5 2. Nf3 d6 3. d4 cxd4 4. Nxd4 Nf6 5. Nc3 a6 6. f3 e6 7. Be3 Be7 8. Qd2 O-O 9. O-O-O Nc6 10. g4 Nd7 11. h4 Nde5 12. Be2 Bd7 13. f4 Ng6 14. h5 Nh8 15. g5 e5 16. Nf5 Bxf5 17.
exf5 exf4 18. Bxf4 f6 19. g6 h6 20. Bxh6 Re8 21.
Bxg7 Kxg7 22. h6+ Kf8 23. g7+ Kg8 24. Qd5+ Kh7 25. gxh8=Q+ Kxh8 26. h7 Nb4 27. Qg8+ Rxg8 28. hxg8=Q+ Kxg8 29. Rdg1+ Kf7 30. Bh5+ Kf8 31. Bg6 Qb6 32.
Rh8+ Kg7 33. Rh7+ Kg8 34. Rgh1 Qe3+ 35. Kb1 Qd2 36. Rh8+ Kg7 37. R1h7# 1-0

[Event "Early-Titled-Tuesday-Blitz-April-02-2024"]
[Site "Chess.com"]
[Date "2024.04.02"]
[Round "10"]
[White "DonCiao"]
[Black "HanSchut"]
[Result "1-0"]
[WhiteElo "2036"]
[BlackElo "2244"]
[TimeControl "180+1"]
[EndTime "9:54:21 PDT"]
[Termination "DonCiao won by checkmate"]

1. c4 Nf6 2. g3 g6 3. Bg2 d5 4. cxd5 Nxd5 5. Nc3 Nb6 6. d3 Bg7 7. Be3 O-O 8. Qd2 Re8 9. Bh6 Bh8 10. h4 c5 11. h5 Nc6 12. hxg6 fxg6 13. Nf3 c4 14. O-O-O cxd3 15. exd3 e5 16. Ng5 Bf5 17. Nxh7 Rc8 18. Ne4 a5 19. Kb1 Nb4 20. Bg5 Qd4 21. Nhf6+ Kf7 22. Rh7+ Bg7 23. Bh6 Rc2 24. Rxg7+ Ke6 25.
Ng5+ Kxf6 26. Rf7# 1-0

[Event "Early-Titled-Tuesday-Blitz-April-02-2024"]
[Site "Chess.com"]
[Date "2024.04.02"]
[Round "10"]
[White "LeoWin2012"]
[Black "RealPerangel"]
[Result "1-0"]
[WhiteElo "2344"]
[BlackElo "2521"]
[TimeControl "180+1"]
[EndTime "9:54:24 PDT"]
[Termination "LeoWin2012 won by resignation"]

1. c4 g6 2. d4 Bg7 3. Nc3 c5 4. d5 Nf6 5. e4 d6 6. g3 O-O 7.
Bg2 e5 8. Nge2 Ne8 9. O-O f5 10.
exf5 gxf5 11. b3 h5 12. Bd2 h4 13. Qc1 Rf7 14. Bg5 Bf6 15. gxh4 Rg7 16. f4 exf4 17. Nxf4 Bxg5 18. hxg5 Qxg5 19. Qe3 Nf6 20. Nb5 Bd7 21. Nc7 Na6 22. Nxa8 Ng4 23. Qg3 Qh6 24. Qh3 Qf6 25.
Qg3 Qh6 26. Rae1 Nb4 27. Ne6 Rg6 28. Nac7 Nd3 29. Rxf5 Nxe1 30. Rf8+ Kh7 31. Be4 Nf3+ 32. Rxf3 1-0

[Event "Early-Titled-Tuesday-Blitz-April-02-2024"]
[Site "Chess.com"]
[Date "2024.04.02"]
[Round "10"]
[White "kachsona"]
[Black "Gabrielian_Artur"]
[Result "1-0"]
[WhiteElo "2635"]
[BlackElo "2792"]
[TimeControl "180+1"]
[EndTime "9:54:25 PDT"]
[Termination "kachsona won by checkmate"]

1. e4 c5 2. Nf3 d6 3. Bb5+ Bd7 4. Bxd7+ Qxd7 5. c4 e5 6. Nc3 Nc6 7. O-O Be7 8. Nd5 Bd8 9. d3 Nge7 10. a3 O-O 11.
Bd2 f5 12. b4 fxe4 13. dxe4 Nxd5 14. exd5 Nd4 15. Nxd4 cxd4 16. Qe2 Rc8 17. Rac1 Qf5 18. f3 b6 19. Qe4 Bg5 20. Qxf5 Rxf5 21. Bxg5 Rxg5 22. f4 exf4 23. Rxf4 Rxd5 24. Rcf1 g5 25. Rf7 Rxc4 26. Rf8+ Kg7 27. R8f7+ Kg6 28. R1f6+ Kh5 29. Rxh7+ Kg4 30. h3+ Kg3 31. Rf3# 1-0

[Event "Early-Titled-Tuesday-Blitz-April-02-2024"]
[Site "Chess.com"]
[Date "2024.04.02"]
[Round "10"]
[White "FREDERICKtheMATE"]
[Black "Tonychess32"]
[Result "1-0"]
[WhiteElo "2687"]
[BlackElo "2550"]
[TimeControl "180+1"]
[EndTime "9:54:30 PDT"]
[Termination "FREDERICKtheMATE won by resignation"]

1. d4 b6 2. e4 Bb7 3. Bd3 e6 4. Nf3 d6 5. O-O Nd7 6. c3 e5 7. a4 a5 8. Re1 Ngf6 9. h3 Be7 10. Na3 O-O 11. d5 Nc5 12. c4 Nxd3 13. Qxd3 Nh5 14.
g4 Nf4 15. Bxf4 exf4 16. Nd4 Bf6 17. Nab5 g6 18. Kg2 Be5 19. Rab1 Rc8 20. Nc6 Bxc6 21.
dxc6 f5 22. Nd4 fxe4 23. Rxe4 Bxd4 24. Qxd4 Qh4 25. Rbe1 f3+ 26. Kh2 Qf6 27. Qxf6 Rxf6 28. Re8+ Rxe8 29. Rxe8+ Rf8 30. Rxf8+ Kxf8 31. Kg3 Ke7 32.
Kxf3 Ke6 33. Ke4 g5 34. b3 h6 35. f3 Kf6 36. f4 gxf4 37. Kxf4 Ke6 38. h4 Kf6 39. g5+ hxg5+ 40. hxg5+ Kg6 41. Kg4 Kf7 42. Kf5 Kg7 43. Ke6 Kg6 44. Kd7 1-0